 Dungeon Crawl Stone Soup version 0.25-a0-545-ge4db218afc (webtiles) character file.

Game seed: 7158207802026231392, levelgen mode: deterministic

831 Jannitor the Shield-Bearer (level 7, -11/38 HPs)
             Began as a Vine Stalker Fighter on Feb 21, 2020.
             Was a Follower of Uskayaw.
             Killed from afar by a gargoyle (22 damage)
             ... with a stone arrow
             ... on level 6 of the Dungeon.
             The game lasted 00:02:57 (2378 turns).

Jannitor the Shield-Bearer (Vine Stalker Fighter)   Turns: 2378, Time: 00:02:57

Health: -11/38     AC:  7    Str: 26    XL:     7   Next: 98%
Magic:  0/9        EV:  7    Int:  8    God:    Uskayaw [*.....]
Gold:   101        SH: 10    Dex: 13    Spells: 6/6 levels left

rFire    . . .     SeeInvis .   a - +0 war axe
rCold    . . .     Gourm    .   c - +0 kite shield
rNeg     . . .     Faith    .   b - +0 scale mail
rPois    .         Spirit   +   (no helmet)
rElec    .         Reflect  .   (no cloak)
rCorr    .         Harm     .   (no gloves)
MR       .....                  (no boots)
Stlth    ..........             (no amulet)
HPRegen  0.52/turn              (no ring)
MPRegen  0.11/turn              (no ring)

@: mighty
A: fangs 2, regeneration 1, magic shield, antimagic bite, no potion heal 3, rot
immunity
a: Stomp, Renounce Religion


You were on level 6 of the Dungeon.
You worshipped Uskayaw.
Uskayaw was noncommittal.
You were not hungry.

You visited 1 branch of the dungeon, and saw 6 of its levels.

You collected 149 gold pieces.
You spent 48 gold pieces at shops.

Inventory:

Hand Weapons
 a - a +0 war axe (weapon)
Missiles
 n - 16 poisoned darts
 p - 2 curare-tipped darts (quivered)
Armour
 b - a +0 scale mail (worn)
 c - a +0 kite shield (worn)
Wands
 k - a wand of random effects (14)
Scrolls
 e - a scroll of teleportation {unknown}
 i - 4 scrolls of identify
 j - a scroll of random uselessness {unknown}
 o - 4 scrolls of remove curse {unknown}
 s - a scroll of enchant armour {unknown}
 t - a scroll of immolation {unknown}
 u - a scroll of fear {unknown}
Potions
 d - 2 potions of might
 g - a potion of stabbing
 h - 2 potions of heal wounds {unknown}
 l - a potion of degeneration {unknown}
 m - 2 potions of brilliance {unknown}
 q - a potion of berserk rage {unknown}
 r - 3 potions of haste {unknown}
 v - a potion of mutation {unknown}
Comestibles
 f - 10 rations
 w - 8 chunks of flesh


   Skills:
 + Level 4.6 Fighting
 + Level 4.1 Axes
 + Level 4.2 Armour
 + Level 4.7 Shields
 + Level 1.4 Invocations


You had 6 spell levels left.
You didn't know any spells.
Your spell library contained the following spells:

 Spells                   Type           Power        Failure   Level  Hunger
 Animate Skeleton         Necr           N/A          98%         1    ##.....
 Pain                     Necr           #...         98%         1    ##.....
 Vampiric Draining        Necr           #.........   100%        3    ####...
 Animate Dead             Necr           N/A          100%        4    #####..
 Agony                    Necr           #.......     100%        5    ######.


Dungeon Overview and Level Annotations

Branches:
Dungeon (6/15)
 Temple: D:4-7

Altars:
Ashenzari
Fedhas
Hepliaklqana
Uskayaw

Shops:
D:4 *


Innate Abilities, Weirdness & Mutations

You have extremely sharp teeth.
Your natural rate of healing is unusually fast.
When hurt, damage is shared between your health and your magic reserves.
Your bite disrupts and absorbs the magic of your enemies.
Potions cannot restore your health.
You are immune to rotting.


Message History

You hit the gargoyle.
The gargoyle is moderately damaged.
The gargoyle hurls a stone arrow at you.
The stone arrow hits you!!
Ouch! That really hurt!
You are too injured to fight recklessly!
You are too injured to fight recklessly!
You feel very mighty all of a sudden. The gargoyle hits you with a +0 flail.
You are too injured to fight recklessly!
You closely miss the gargoyle. Your bite misses the gargoyle.
The gargoyle is moderately damaged.
You block the gargoyle's attack. The gargoyle hits you with a +0 flail!
* * * LOW HITPOINT WARNING * * *
You barely miss the gargoyle.
The gargoyle is moderately damaged.
The gargoyle hurls a stone arrow at you.
The stone arrow hits you!!
Ouch! That really hurt!
You die...

.# ### ##........ #..
..##.# #### ###.###..#.#
.... ....#...#.# ####
#.#...#<#.#
#######.#.......# ##
#.........÷.....##(.#.$#
#.#####...÷.....@9.?<.#
#.# #.#..##..#####.##
#.#####....##..#
........#.###..#
#.#######.. .... #.#
#####.### #.. ..# ####
#.. ###


You could see a gargoyle.

Vanquished Creatures
  A water moccasin (D:5)
  A phantom (D:5)
  An ogre (D:4)
  Blork the orc (D:6)
  A bullfrog (D:6)
  A scorpion (D:6)
  A howler monkey (D:6)
  2 crimson imps
  A hound (D:6)
  An orc priest (D:4)
  A bullfrog skeleton (D:6)
  An orc wizard (D:4)
  A worker ant (D:6)
  Terence (D:3)
  3 adders
  A howler monkey skeleton (D:5)
  A worm (D:3)
  A dart slug (D:3)
  2 leopard geckos
  12 orcs
  A giant cockroach (D:1)
  2 goblins
  7 jackals
  3 kobolds
  A quokka (D:6)
  A ball python (D:4)
  5 bats
  3 frilled lizards
  A jackal skeleton (D:6)
  2 leopard gecko skeletons (D:4)
  2 rats
63 creatures vanquished.

Notes
Turn   | Place    | Note
-------+----------+-------------------------------------------
     0 | D:1      | Jannitor the Vine Stalker Fighter began the quest for the
                  | Orb.
     0 | D:1      | Reached XP level 1. HP: 11/11 MP: 2/2
   130 | D:1      | Reached XP level 2. HP: 13/16 MP: 3/3
   233 | D:2      | Reached XP level 3. HP: 5/20 MP: 2/4
   684 | D:3      | Found a blossoming altar of Fedhas.
   879 | D:3      | Noticed Terence
   882 | D:3      | Killed Terence
   882 | D:3      | Gained mutation: Your natural rate of healing is unusually
                  | fast. [Vine Stalker growth]
   882 | D:3      | Reached XP level 4. HP: 24/24 MP: 5/5
   986 | D:3      | Found a shattered altar of Ashenzari.
  1188 | D:4      | Reached XP level 5. HP: 19/28 MP: 2/6
  1203 | D:4      | Found Waatyra's Assorted Antiques.
  1211 | D:4      | Bought a scroll labeled MIUJUV HEDGHOA for 24 gold pieces
  1211 | D:4      | Bought a scroll labeled BOYDUT HAIHENT for 24 gold pieces
  1228 | D:4      | Noticed an ogre
  1246 | D:4      | Killed an ogre
  1246 | D:4      | Reached XP level 6. HP: 23/33 MP: 3/7
  1694 | D:5      | Entered Level 5 of the Dungeon
  1701 | D:5      | Noticed a phantom
  1715 | D:5      | Found a hide-covered altar of Uskayaw.
  1769 | D:5      | Noticed a water moccasin
  1776 | D:5      | Killed a phantom
  1780 | D:5      | Killed a water moccasin
  1780 | D:5      | Reached XP level 7. HP: 27/37 MP: 5/8
  1788 | D:5      | Became a worshipper of Uskayaw the Reveler
  1942 | D:5      | Reached * piety under Uskayaw
  1974 | D:5      | Found a hazy altar of Hepliaklqana.
  2151 | D:6      | Reached ** piety under Uskayaw
  2154 | D:6      | Reached *** piety under Uskayaw
  2285 | D:6      | Noticed Blork the orc
  2290 | D:6      | Killed Blork the orc
  2295 | D:6      | Reached skill level 1 in Invocations
  2297 | D:6      | Reached **** piety under Uskayaw
  2370 | D:6      | Noticed a gargoyle
  2378 | D:6      | Killed from afar by a gargoyle

Levels and vault maps discovered:
D:1:      dpeg_arrival_pits, layout_basic
D:2:      layout_basic, first_ration
D:3:      layout_loops_ring, fedhas_altar_2, overflow_temple_1_default,
          supply_closet_lemuel, goddamned_bats, uniq_terence
D:4:      layout_basic, serial_shops, shop
D:5:      layout_rooms, eat_drink_and_be_merry_uskayaw, kennysheep_little_box
D:6:      layout_loops_ring, lemuel_crystal_altar, lemuel_altar_in_water,
          uniq_eustachio, uniq_blork_the_orc

Skill      XL: |  1  2  3  4  5  6  7 |
---------------+----------------------+-----
Axes           | 2 3 4 |  4.1
Fighting       | 3 4 |  4.6
Shields        | 3 4 |  4.7
Armour         | 3 4 |  4.2
Invocations    | 1 |  1.4

Action                   |  1- 3 |  4- 6 |  7- 9 || total
-------------------------+-------+-------+-------++-------
Melee: War axe           |    62 |    84 |    57 ||   203
       Bite              |    14 |    16 |    12 ||    42
Throw: Dart              |     4 |     3 |       ||     7
  Use: Potion            |       |     1 |     1 ||     2
       Scroll            |       |     1 |       ||     1
 Stab: Paralysed         |       |       |     3 ||     3
  Eat: Chunk             |       |     3 |     2 ||     5
Armor: Scale mail        |    42 |    29 |    25 ||    96
Dodge: Dodged            |    20 |    21 |    12 ||    53
Block: Kite shield       |    39 |    29 |    36 ||   104

Table legend:
 A = Non-vault XP
 B = Vault XP
 C = Vault XP percentage of total XP
 D = Non-vault monster count
 E = Vault monster count
 F = Vault count percentage of total count
                 A         B        C        D         E       F
            +---------+---------+-------+---------+---------+-------
      Total |    1060 |     128 |  10.8 |      61 |       2 |   3.2
            +---------+---------+-------+---------+---------+-------
        D:1 |      15 |       0 |   0.0 |      10 |       0 |   0.0
        D:2 |      26 |       0 |   0.0 |       8 |       0 |   0.0
        D:3 |      26 |      32 |  55.2 |       8 |       1 |  11.1
        D:4 |     245 |       0 |   0.0 |      15 |       0 |   0.0
        D:5 |     344 |       0 |   0.0 |       4 |       0 |   0.0
        D:6 |     404 |      96 |  19.2 |      16 |       1 |   5.9
            +---------+---------+-------+---------+---------+-------
